 Dungeon Crawl Stone Soup version 0.23.2-1-ga50397a (webtiles) character file.

Game seed: 6506823188594977461

20630 diana the Cruncher (level 12, -1/94 HPs)
             Began as a Demonspawn Gladiator on May 19, 2019.
             Was a High Priest of Okawaru.
             Killed from afar by a deep elf knight (11 damage)
             ... with a shard of ice
             ... on level 11 of the Dungeon.
             The game lasted 00:21:07 (11239 turns).

diana the Cruncher (Demonspawn Gladiator)          Turns: 11239, Time: 00:21:07

Health: -1/94      AC: 25    Str: 29    XL:     12   Next: 47%
Magic:  35/35      EV: 17    Int:  9    God:    Okawaru [*****.]
Gold:   453        SH:  0    Dex: 17    Spells: 11/11 levels left

rFire    + . .     SeeInvis .   w - +0 lajatang
rCold    + . .     Gourm    .   (shield currently unavailable)
rNeg     . . .     Faith    .   Q - quicksilver dragon scales
rPois    +         Spirit   .   v - +1 helmet
rElec    .         Reflect  .   h - scarf {rC+ rF+}
rCorr    .         Harm     .   r - +1 pair of gloves "Apripin" {rPois rC+ MP+9}
MR       +....                  (no boots)
Stlth    +.........             j - amulet of rage
HPRegen  0.25/turn              T - ring of the Disturbing Wars {rPois rC- MP+9 Str+7}
MPRegen  0.24/turn              U - ring of poison resistance

@: sanguine armour, studying Stealth
A: hooves 2, agile 1, powered by death 1, spiny 1, strong 1, sanguine armour 2
a: Heroism, Finesse, Renounce Religion, Evoke Berserk Rage


You were on level 11 of the Dungeon.
You worshipped Okawaru.
Okawaru was extremely pleased with you.
You were not hungry.

You visited 2 branches of the dungeon, and saw 12 of its levels.
You also visited: Gauntlet.

You collected 600 gold pieces.
You spent 147 gold pieces at shops.

Inventory:

Hand Weapons
 w - a +0 lajatang (weapon)
 L - the +7 longbow "Piercer" {penet, EV-2}
   (Okawaru gifted it to you on level 9 of the Dungeon)

   Ammo fired by it will pass through the targets it hits, potentially hitting
   all targets in its path until it reaches maximum range.
   It affects your evasion (-2).
 R - a +3 quarterstaff of protection
Missiles
 d - 5 throwing nets (quivered)
Armour
 h - a scarf of resistance (worn)
 r - the +1 pair of gloves "Apripin" (worn) {rPois rC+ MP+9}
   (You found it in a Gauntlet)

   It protects you from cold.
   It protects you from poison.
   It affects your magic capacity (+9).
 t - the +0 pair of gloves "Hux Jaor" {+Blink Regen+ SInv}
   (Okawaru gifted it to you on level 10 of the Dungeon)

   It lets you see invisible.
   It lets you blink.
   It increases your rate of regeneration.
 v - a +1 helmet (worn)
 Q - quicksilver dragon scales (worn)
Jewellery
 j - an amulet of rage (around neck)
 P - an uncursed ring of flight
 S - an uncursed ring of positive energy
 T - the ring of the Disturbing Wars (left hand) {rPois rC- MP+9 Str+7}
   (You found it in a Gauntlet)

   [ring of magical power]

   It affects your strength (+7).
   It makes you vulnerable to cold.
   It protects you from poison.
   It affects your magic capacity (+9).
 U - a ring of poison resistance (right hand)
Wands
 b - a wand of digging (8)
 x - a wand of random effects (23)
 F - a wand of enslavement (7)
Scrolls
 c - a scroll of torment {unknown}
 e - 4 scrolls of remove curse
 k - 3 scrolls of magic mapping
 l - 3 scrolls of fear
 m - a scroll of noise {unknown}
 n - 2 scrolls of amnesia
 p - 3 scrolls of enchant armour
 y - 2 scrolls of fog
 D - a scroll of random uselessness {unknown}
 I - a scroll of teleportation {unknown}
 J - 4 scrolls of blinking
Potions
 a - a potion of agility
 g - 2 potions of mutation
 i - 3 potions of flight
 o - 3 potions of haste
 q - a potion of resistance
 s - 2 potions of might
 u - a potion of magic
 z - a potion of cancellation {unknown}
 A - a potion of experience {unknown}
 B - a potion of invisibility
 E - a potion of degeneration {unknown}
 G - a potion of brilliance {unknown}
 K - 2 potions of lignification
Books
 C - a manual of Stealth
Miscellaneous
 M - a sack of spiders
Comestibles
 f - 21 rations


   Skills:
 + Level 8.9 Fighting
 * Level 11.3 Staves
 - Level 1.7 Throwing
 + Level 7.7 Armour
 + Level 8.3 Dodging
 - Level 6.2 Invocations
 - Level 7.3 Evocations


You had 11 spell levels left.
You didn't know any spells.
Your spell library contained the following spells:

 Spells                   Type           Power        Failure   Level  Hunger
 Corona                   Hex            #......      50%         1    ##.....
 Ensorcelled Hibernation  Hex/Ice        #.....       63%         2    ###....
 Shroud of Golubria       Chrm/Tloc      #.........   63%         2    ###....
 Swiftness                Chrm/Air       #.......     63%         2    ###....
 Confuse                  Hex            #.......     86%         3    ####...
 Dazzling Spray           Conj/Hex       #.....       86%         3    ####...
 Gell's Gravitas          Tloc           #.........   86%         3    ####...
 Teleport Other           Tloc           #.......     86%         3    ####...
 Tukima's Dance           Hex            #.......     86%         3    ####...
 Petrify                  Tmut/Erth      #.......     99%         4    #####..
 Alistair's Intoxication  Tmut/Pois      #.......     100%        5    ######.
 Hydra Form               Tmut           #.........   100%        6    #######
 Dragon Form              Tmut           #.........   100%        7    #######


Dungeon Overview and Level Annotations

Branches:
Dungeon (11/15)            Temple (1/1) D:4            Lair (0/6) D:10
    Orc (0/2) D:10

Altars:
Ashenzari
Cheibriados
Dithmenos
Elyvilon
Fedhas
Gozag
Hepliaklqana
Kikubaaqudgha
Makhleb
Nemelex Xobeh
Okawaru
Qazlal
Ru
Sif Muna
Trog
Uskayaw
Vehumet
Wu Jian
Xom
Yredelemnul
Zin
The Shining One
Beogh

Shops:
D:4 [   D:10 (=


Innate Abilities, Weirdness & Mutations

You have hoof-like feet.
You regenerate a little health from kills.
You are partially covered in sharp spines.
When seriously injured, your bleeding wounds create thick armour. (AC +9)
You are agile. (Dex +2)
Your muscles are strong. (Str +2)


Message History

The shard of ice hits you!! You partially resist.
* * * LOW HITPOINT WARNING * * *
You miss something. Your kick misses something. Something hits you.
* * * LOW HITPOINT WARNING * * *
Unknown command.
You slash something! Your kick misses something.
Something hits you but does no damage.
You hear some strange, mumbled words.
A shard of ice appears from out of thin air!
The shard of ice hits you!! You partially resist.
* * * LOW HITPOINT WARNING * * *
Unknown command.
You feel better. Something hits you!
* * * LOW HITPOINT WARNING * * *
Okay, then.
You eat one of the 22 rations.
That ration really hit the spot!
You hear some strange, mumbled words.
A shard of ice appears from out of thin air!
The shard of ice hits you! You partially resist.
You die...

*#..,**
#######..*,,*
###.......#**,*
#######
#..........#..##
#.....#
#..............#
#.....#
#..###..#..#.#.#
#.....#
#..#(#..#Y.#.#.#
#..)..#
#..###).#....#.#
#.....#
#...).$@#.##.#.#
###.###
#...)(.{#.##.#.##
#.##.
#.###(†.........#
#.##. **** *#,*
######.#.##.####.##.
,,,* ***,,*
#.#....†..#.... *,,*
**,,,**
#.####.#.......
*,,***,*,**
#..,...#.#####.
,,,,,,***,*
########.# #.
*,,***,*,** #.# #.


You could see a +5 long sword.

Vanquished Creatures
  Gastronok (D:9)
  A balrug (Gauntlet)
  A minotaur (Gauntlet)
  A hydra (D:8)
  Erica (D:11)
  A two-headed ogre (D:11)
  Urug (D:11)
  5 wizards
  Joseph (D:9)
  Psyche (D:9)
  3 trolls
  A queen bee (Gauntlet)
  Grinder (D:6)
  2 dream sheep (D:8)
  A hippogriff (D:11)
  A hippogriff (shapeshifter) (D:6)
  5 flying skulls (Gauntlet)
  Sigmund (D:3)
  A wyvern (D:8)
  A fire bat (D:10)
  11 yaks
  A steam dragon (D:10)
  2 hungry ghosts
  Menkaure (D:4)
  3 porcupines (D:10)
  2 water moccasins
  Duvessa (D:6)
  2 sky beasts
  7 orc warriors
  2 ice beasts
  A necrophage (D:8)
  4 centaurs
  An ogre (D:5)
  3 big kobolds (D:8)
  5 crocodiles
  8 bullfrogs
  A gnoll sergeant (D:5)
  Dowan (D:6)
  2 scorpions
  20 killer bees
  7 wights (D:10)
  A howler monkey (D:8)
  A bullfrog zombie (D:6)
  3 quasits
  2 crimson imps
  A jelly (D:7)
  A lava snake (D:7)
  A centaur zombie (D:10)
  5 hounds
  Crazy Yiuf (D:3)
  A bullfrog skeleton (D:6)
  A gnoll shaman (D:6)
  6 orc priests
  2 iguanas
  7 orc wizards
  A centaur skeleton (D:7)
  Natasha (twice) (D:3)
  6 worker ants
  A killer bee zombie (D:7)
  A hound zombie (D:6)
  A hound skeleton (D:7)
  11 gnolls
  14 adders
  4 shadow imps
  An ooze (D:1)
  3 adder skeletons
  3 worms
  3 dart slugs
  6 leopard geckos
  45 orcs
  6 bats
  2 giant cockroaches
  8 goblins
  8 hobgoblins
  7 jackals
  3 quokkas
  2 ball pythons
  3 frilled lizards
  12 kobolds
  7 rats
309 creatures vanquished.

Vanquished Creatures (others)
  A yak (D:10)
  An orc (D:10)
  A plant (Gauntlet)
3 creatures vanquished.

Grand Total: 312 creatures vanquished

Notes
Turn   | Place    | Note
-------+----------+-------------------------------------------
     0 | D:1      | diana the Demonspawn Gladiator began the quest for the Orb.
     0 | D:1      | Reached XP level 1. HP: 16/16 MP: 1/1
    58 | D:1      | Reached skill level 3 in Staves
    58 | D:1      | Gained mutation: When seriously injured, your bleeding
                  | wounds create armour. (AC +9) [demonic ancestry]
    58 | D:1      | Reached XP level 2. HP: 8/22 MP: 2/2
   389 | D:1      | Reached XP level 3. HP: 19/28 MP: 3/3
   402 | D:1      | Reached skill level 1 in Armour
   804 | D:2      | Found a faded altar of an unknown god.
   816 | D:2      | Reached XP level 4. HP: 19/34 MP: 4/4
  1041 | D:2      | Gained mutation: You are agile. (Dex +2) [potion of
                  | mutation]
  1041 | D:2      | Gained mutation: Your muscles are strong. (Str +2) [potion
                  | of mutation]
  1055 | D:1      | Gained mutation: You have large cloven feet. [demonic
                  | ancestry]
  1055 | D:1      | Reached XP level 5. HP: 7/40 MP: 5/5
  1626 | D:2      | Reached skill level 4 in Staves
  1770 | D:3      | Noticed Natasha
  1778 | D:3      | Killed Natasha
  2165 | D:3      | Found a shattered altar of Ashenzari.
  2252 | D:3      | Noticed Sigmund
  2272 | D:3      | Killed Sigmund
  2272 | D:3      | Reached skill level 1 in Evocations
  2272 | D:3      | Reached XP level 6. HP: 22/47 MP: 6/6
  2328 | D:3      | Noticed Natasha
  2339 | D:3      | Killed Natasha
  2937 | D:3      | Found a runed translucent door.
  2938 | D:3      | Noticed Crazy Yiuf
  3232 | D:4      | Noticed Menkaure
  3241 | D:4      | Killed Menkaure
  3241 | D:4      | Reached skill level 5 in Staves
  3241 | D:4      | Gained mutation: When seriously injured, your bleeding
                  | wounds create thick armour. (AC +9) [demonic ancestry]
  3241 | D:4      | Reached XP level 7. HP: 35/53 MP: 6/8
  3430 | D:4      | Found Utozeemiwo's Antique Armour Shoppe.
  3600 | D:4      | Found a staircase to the Ecumenical Temple.
  3842 | Temple   | Entered the Ecumenical Temple
  4034 | Temple   | Became a worshipper of Warmaster Okawaru
  4110 | D:5      | Entered Level 5 of the Dungeon
  4289 | D:5      | Reached * piety under Okawaru
  4670 | D:5      | Found an opulent altar of Gozag.
  4670 | D:5      | Found a bloodstained altar of Trog.
  4671 | D:5      | Found a radiant altar of Vehumet.
  4771 | D:5      | Gained mutation: You have hoof-like feet. [demonic
                  | ancestry]
  4771 | D:5      | Reached XP level 8. HP: 46/61 MP: 8/10
  5082 | D:6      | Reached skill level 6 in Staves
  5146 | D:6      | Noticed Duvessa
  5147 | D:6      | Noticed Dowan
  5156 | D:6      | Killed Duvessa
  5172 | D:6      | Killed Dowan
  5172 | D:6      | Reached skill level 1 in Invocations
  5701 | D:3      | Killed Crazy Yiuf
  6143 | D:6      | Noticed Grinder
  6143 | D:6      | Paralysed by Grinder for 3 turns
  6156 | D:6      | Killed Grinder
  6156 | D:6      | Reached ** piety under Okawaru
  6156 | D:6      | Reached skill level 5 in Fighting
  6156 | D:6      | Reached skill level 5 in Dodging
  6296 | D:6      | Noticed a shapeshifter
  6296 | D:6      | a scorpion changed into a shapeshifter
  6296 | D:6      | Noticed a hippogriff
  6296 | D:6      | a shapeshifter changed into a hippogriff
  6301 | D:6      | Killed a hippogriff
  6301 | D:6      | Gained mutation: You are partially covered in sharp spines.
                  | [demonic ancestry]
  6301 | D:6      | Reached XP level 9. HP: 64/68 MP: 11/11
  6450 | D:6      | Reached skill level 7 in Staves
  7182 | D:8      | Got a slimy helmet
  7193 | D:8      | Identified the cursed -5 helmet "Lugeps Baho" {rPois Dex+2}
                  | (You found it on level 8 of the Dungeon)
  7215 | D:8      | Found a snail-covered altar of Cheibriados.
  7324 | D:8      | Noticed a wizard
  7324 | D:8      | Noticed a wizard
  7325 | D:8      | Noticed a wizard
  7332 | D:8      | Killed a wizard
  7332 | D:8      | Reached *** piety under Okawaru
  7338 | D:8      | Killed a wizard
  7338 | D:8      | Reached skill level 5 in Armour
  7351 | D:8      | Killed a wizard
  7351 | D:8      | Reached skill level 8 in Staves
  7351 | D:8      | Reached skill level 5 in Invocations
  7351 | D:8      | Reached skill level 5 in Evocations
  7351 | D:8      | Gained mutation: You regenerate a little health from kills.
                  | [demonic ancestry]
  7351 | D:8      | Reached XP level 10. HP: 15/76 MP: 13/13
  7566 | D:8      | Found a glowing silver altar of Zin.
  7570 | D:8      | Reached **** piety under Okawaru
  7608 | D:8      | Found a sparkling altar of Nemelex Xobeh.
  7904 | D:8      | Noticed a three-headed hydra
  7920 | D:8      | Killed a three-headed hydra
  7920 | D:8      | Reached ***** piety under Okawaru
  8362 | D:9      | Reached skill level 9 in Staves
  8458 | D:9      | Noticed Joseph
  8464 | D:9      | Killed Joseph
  8510 | D:9      | Found a shimmering altar of Xom.
  8589 | D:9      | Noticed Gastronok
  8602 | D:9      | Killed Gastronok
  8602 | D:9      | Received a gift from Okawaru
  8602 | D:9      | Received a gift from Okawaru
  8602 | D:9      | Reached XP level 11. HP: 22/84 MP: 15/15
  9182 | D:9      | Received a gift from Okawaru
  9183 | D:9      | Found the +7 longbow "Piercer" {penet, EV-2}
  9339 | D:9      | Noticed a wizard
  9345 | D:9      | Killed a wizard
  9608 | D:9      | Noticed Psyche
  9614 | D:9      | Killed Psyche
  9780 | D:10     | Entered Level 10 of the Dungeon
  9946 | D:10     | Reached skill level 10 in Staves
  9968 | D:10     | Received a gift from Okawaru
  9980 | D:10     | Got a pair of bloodstained gloves {god gift}
  9991 | D:10     | Identified the +0 pair of gloves "Hux Jaor" {+Blink Regen+
                  | SInv} (Okawaru gifted it to you on level 10 of the Dungeon)
 10005 | D:10     | Found Atiff's Antique Weapon Boutique.
 10011 | D:10     | Bought a runed quarterstaff for 147 gold pieces
 10053 | D:10     | Found a staircase to the Lair.
 10131 | D:10     | Found a staircase to the Orcish Mines.
 10145 | D:10     | Found a roughly hewn altar of Beogh.
 10261 | D:10     | Found Qarch's Jewellery Shop.
 10521 | D:11     | Found a gate leading to a gauntlet.
 10530 | Gauntlet | Entered a Gauntlet
 10530 | Gauntlet | Found a transporter.
 10534 | Gauntlet | Found a transporter.
 10535 | Gauntlet | Found a transporter.
 10544 | Gauntlet | Found a transporter.
 10544 | Gauntlet | Noticed a queen ant
 10546 | Gauntlet | Found a transporter.
 10554 | Gauntlet | Found a transporter.
 10554 | Gauntlet | Noticed a dire elephant
 10570 | Gauntlet | Found a transporter.
 10580 | Gauntlet | Found a transporter.
 10590 | Gauntlet | Found a transporter.
 10590 | Gauntlet | Noticed a balrug
 10605 | Gauntlet | Found a transporter.
 10619 | Gauntlet | Found a transporter.
 10619 | Gauntlet | Found a transporter.
 10673 | Gauntlet | Found a transporter.
 10687 | Gauntlet | Found a transporter.
 10878 | Gauntlet | Killed a balrug
 10878 | Gauntlet | Reached XP level 12. HP: 94/94 MP: 10/17
 10885 | Gauntlet | Got a pair of bloodstained gloves
 10902 | Gauntlet | Identified the +1 pair of gloves "Apripin" {rPois rC+ MP+9}
                  | (You found it in a Gauntlet)
 10942 | Gauntlet | Noticed a minotaur
 10951 | Gauntlet | Killed a minotaur
 10957 | Gauntlet | Identified the Almanac of Dislocation and Talismans
 10963 | Gauntlet | Got a warped steel ring
 10964 | Gauntlet | Identified the ring of the Disturbing Wars {rPois rC- MP+9
                  | Str+7} (You found it in a Gauntlet)
 10971 | Gauntlet | Got a fine large shield
 10975 | Gauntlet | Identified the Tome of Shape Shifting
 11090 | D:11     | Reached skill level 11 in Staves
 11100 | D:11     | Noticed a two-headed ogre
 11105 | D:11     | Killed a two-headed ogre
 11131 | D:11     | Noticed Erica
 11132 | D:11     | Noticed Urug
 11148 | D:11     | Killed Erica
 11153 | D:11     | Killed Urug
 11239 | D:11     | Killed from afar by a deep elf knight

Skill      XL: |  1  2  3  4  5  6  7  8  9 10 11 12 |
---------------+-------------------------------------+-----
Staves         | 3 4 5 6 8 9 10 11 | 11.3
Armour         | 1 2 3 4 5 6 7 |  7.7
Dodging        | 3 4 5 6 7 8 |  8.3
Fighting       | 3 4 5 6 7 8 |  8.9
Evocations     | 1 2 3 5 6 7 |  7.3
Invocations    | 3 5 6 |  6.2
Throwing       | |  1.7

Action                   |  1- 3 |  4- 6 |  7- 9 | 10-12 || total
-------------------------+-------+-------+-------+-------++-------
Melee: Quarterstaff      |   100 |   148 |   322 |   351 ||   921
       Kick              |       |    33 |   104 |   141 ||   278
       Lajatang          |       |       |       |    45 ||    45
Throw: Throwing net      |       |       |     1 |       ||     1
Invok: Heroism           |       |       |     1 |     6 ||     7
       Finesse           |       |       |       |     2 ||     2
 Abil: Evoke Berserk Rag |       |       |     2 |     3 ||     5
  Use: Potion            |       |     3 |       |     1 ||     4
       Scroll            |       |       |     8 |     6 ||    14
 Stab: Invisible         |       |     3 |       |       ||     3
       Paralysed         |       |       |     3 |     1 ||     4
       Petrifying        |       |       |       |     1 ||     1
       Confused          |       |       |       |     2 ||     2
  Eat: Chunk             |       |     7 |    11 |    12 ||    30
       Ration            |       |       |     1 |     2 ||     3
Armor: Leather armour    |    20 |    31 |       |       ||    51
       Ring mail         |       |     7 |    93 |    84 ||   184
       Quicksilver drago |       |       |       |    16 ||    16
Dodge: Dodged            |    72 |   101 |   240 |   263 ||   676
